 Seeded DCSS version 0.30-a0-2-gf48d83f5e2 (webtiles) character file.

Game seed: 14514352787368662025 (custom seed)

4900 wilfster70 the Geomancer (level 10, -7/60 HPs)
             Began as a Gargoyle Earth Elementalist on Aug 19, 2022.
             Was a Believer of Vehumet.
             Mangled by a six-headed hydra (10 damage)
             ... on level 8 of the Dungeon.
             The game lasted 00:21:12 (12046 turns).

wilfster70 the Geomancer (GrEE)                    Turns: 12046, Time: 00:21:12

Health: -7/60      AC: 10    Str: 12    XL:     10   Next: 51%
Magic:  5/22       EV: 12    Int: 24    God:    Vehumet [**....]
Gold:   553        SH:  0    Dex: 10    Spells: 16/25 levels left

rFire   . . .      SeeInvis .    a - +6 hand axe of the New World {venom, rPois Int+4}
rCold   . . .      Faith    .    (no shield)
rNeg    + . .      Spirit   .    c - +0 robe
rPois   ∞          Reflect  .    (no helmet)
rElec   +          Harm     .    (no cloak)
rCorr   .          Rampage  .    (no gloves)
Will    .....                    p - +0 pair of boots
Stlth   ++........               s - amulet of the acrobat
HPRegen 0.20/turn                (no ring)
MPRegen 0.18/turn                (no ring)

@: very slightly contaminated
A: sickness immunity, AC +7, negative energy resistance 1, electricity
resistance, torment resistance 1, petrification resistance
a: Renounce Religion


You were on level 8 of the Dungeon.
You worshipped Vehumet.
Vehumet was pleased with you.
You visited 2 branches of the dungeon, and saw 9 of its levels.
You also visited: Sewer, Ossuary and Bailey.

You collected 553 gold pieces.

Inventory:

Hand Weapons
 a - the +6 hand axe of the New World (weapon) {venom, rPois Int+4}
   (You found it on level 2 of the Dungeon)

   It poisons the flesh of those it strikes.
   Int:       It affects your intelligence (+4).
   rPois:     It protects you from poison.
 g - a +0 dagger
 j - a +0 mace
 m - a +0 short sword of protection
 w - the +6 mace "Enwusine" {vorpal, Int+4}
   (You found it on level 3 of the Dungeon)

   It inflicts extra damage upon your enemies.
   Int:       It affects your intelligence (+4).
Missiles
 x - 9 poisoned darts
Armour
 c - a +0 robe (worn)
 p - a +0 pair of boots (worn)
Jewellery
 s - an amulet of the acrobat (around neck)
Wands
 n - a wand of flame (28)
 u - a wand of quicksilver (8)
Scrolls
 d - 3 scrolls of fear
 f - 5 scrolls of teleportation
 o - 2 scrolls of blinking
 q - 2 scrolls of immolation
 y - 2 scrolls of amnesia
 z - 2 scrolls of magic mapping
 A - a scroll of enchant weapon {unknown}
 B - 2 scrolls of enchant armour {unknown}
 D - a scroll of butterflies {unknown}
Potions
 b - 5 potions of magic
 e - 7 potions of curing
 h - 2 potions of might
 i - a potion of brilliance {unknown}
 k - 3 potions of haste
 l - 3 potions of invisibility
 t - 6 potions of mutation
 v - 9 potions of heal wounds
 C - 2 potions of flight
 E - 2 potions of lignification
 F - a potion of resistance
 G - a potion of experience {unknown}


   Skills:
 + Level 5.6 Fighting
 - Level 2.0 Dodging
 - Level 2.8 Stealth
 - Level 8.0 Spellcasting
 - Level 8.0 Necromancy
 - Level 1.2 Transmutations
 - Level 8.0 Earth Magic


You had 16 spell levels left.
You knew the following spells:

 Your Spells              Type           Power      Damage    Failure   Level
a - Sandblast             Erth           96%        2d20      1%          1
b - Stone Arrow           Conj/Erth      56%        3d10      3%          3
c - Borgnjor's Vile Clut  Necr/Erth      24%        N/A       7%          5

Your spell library contained the following spells:

 Spells                   Type           Power      Damage    Failure   Level
 Foxfire                  Conj/Fire      36%        2x1d5     6%          1
 Passwall                 Tmut/Erth      25%        N/A       1%          2
 Vampiric Draining        Necr           48%        2d9       1%          3
 Animate Dead             Necr           48%        N/A       2%          4
 Dispel Undead            Necr           48%        3d18      2%          4
 Beastly Appendage        Tmut           30%        N/A       3%          1
 Magic Dart               Conj           36%        1d4       6%          1
 Slow                     Hex            36%        N/A       6%          1
 Wereblood                Tmut           15%        N/A       6%          2
 Call Imp                 Summ           9%         N/A       10%         2
 Static Discharge         Conj/Air       9%         3-5/arc   10%         2
 Petrify                  Tmut/Erth      31%        N/A       10%         4
 Ignite Poison            Fire/Tmut/Pois 11%        N/A       16%         3
 Spider Form              Tmut/Pois      12%        N/A       16%         3
 Confusing Touch          Hex            9%         N/A       19%         3
 Conjure Flame            Conj/Fire      9%         6-21      19%         3
 Dazzling Flash           Conj/Hex       18%        N/A       19%         3
 Mephitic Cloud           Conj/Pois/Air  9%         N/A       19%         3
 Death Channel            Necr           24%        N/A       36%         6
 Iskenderun's Mystic Bla  Conj/Tloc      9%         2d4       54%         4
 Sticky Flame             Conj/Fire      9%         2d3       54%         4
 Summon Forest            Summ/Tloc      4%         N/A       87%         5
 Summon Mana Viper        Hex/Summ       9%         N/A       87%         5
 Starburst                Conj/Fire      4%         6d4       100%        6
 Summon Cactus Giant      Summ           4%         N/A       100%        6


Dungeon Overview and Level Annotations

Branches:
Dungeon (8/15)             Temple (1/1) D:5            Lair (0/5) D:8
  Sewer (visited)         Ossuary (visited)          Bailey (visited)

Altars:
Ashenzari
Elyvilon
Hepliaklqana
Okawaru
Trog
Vehumet
Yredelemnul

Shops:
D:1 [


Innate Abilities, Weirdness & Mutations

You are immune to sickness and miasma.
Your stone body is resilient. (AC +7)
You are immune to poison.
You resist negative energy. (rN+)
You are resistant to electric shocks. (rElec)
You are resistant to unholy torment.
You are immune to petrification.


Message History

The six-headed hydra is heavily wounded.
Casting: Stone Arrow (dangerous; 3% risk of failure)
Confirm with . or Enter, or press ? or * to list all spells.
Aiming: Stone Arrow (dangerous; 3% risk of failure)
Press: ? - help, Shift-Dir - straight line, f/p - six-headed hydra
Aim: a six-headed hydra (heavily wounded, 90% to hit)
The stone arrow hits the six-headed hydra!
The six-headed hydra is heavily wounded.
Casting: Stone Arrow (dangerous; 3% risk of failure)
Confirm with . or Enter, or press ? or * to list all spells.
Aiming: Stone Arrow (dangerous; 3% risk of failure)
Press: ? - help, Shift-Dir - straight line, f/p - six-headed hydra
Aim: a six-headed hydra (heavily wounded, 90% to hit)
The stone arrow hits the six-headed hydra!
The six-headed hydra is severely wounded.
The six-headed hydra barely misses you. x2
The six-headed hydra bites you but does no damage.
The six-headed hydra bites you! x3
Casting: Stone Arrow (dangerous; 3% risk of failure)
Confirm with . or Enter, or press ? or * to list all spells.
Aiming: Stone Arrow (dangerous; 3% risk of failure)
Press: ? - help, Shift-Dir - straight line, f/p - six-headed hydra
Aim: a six-headed hydra (severely wounded, 90% to hit)
The stone arrow hits the six-headed hydra!!
The six-headed hydra is almost dead.
The six-headed hydra bites you but does no damage.
The six-headed hydra bites you. The six-headed hydra bites you!
* * * LOW HITPOINT WARNING * * *
The six-headed hydra bites you but does no damage. x2
The six-headed hydra bites you!
* * * LOW HITPOINT WARNING * * *
Casting: Stone Arrow (dangerous; 3% risk of failure)
Confirm with . or Enter, or press ? or * to list all spells.
Aiming: Stone Arrow (dangerous; 3% risk of failure)
Press: ? - help, Shift-Dir - straight line, f/p - six-headed hydra
Aim: a six-headed hydra (almost dead, 90% to hit)
You miscast Stone Arrow.
You are very lightly contaminated with residual magic.
Nothing appears to happen.
The six-headed hydra bites you!
You die...

#.#..##.#..........~~~~....######
#.#..##.#.....#.##.~~~.~...######
#.#..##.#...........~~~P.<.......
........................#.#######
..#..##.##..#.#..#.###....# *,*
#.#.........#.#..#.#####..#***,*
............................>*,**
............#.#.D#...##...##.#..,
#.#..##.........@...............,
....[.....................##....,
......#.....###.......##..##...#*
#.#...#.....#.............##...#
#.#.......#.#.#......###..##...#
..........#.#.#......# #..##...##
#.#.......#.#.#......# #.........
..................#### #..##...##
..##......#.#.#...######..##...#


You could see a six-headed hydra.

Vanquished Creatures
  An orc knight (Bailey)
  Sigmund (D:6)
  7 yaks
  A steam dragon (D:8)
  A water moccasin (D:7)
  An orc warrior (D:7)
  2 ice beasts
  5 sky beasts
  2 black bears (D:6)
  A centaur (D:8)
  5 bullfrogs
  A gnoll sergeant (D:8)
  2 scorpions
  9 wights
  2 water moccasin zombies (Ossuary)
  3 killer bees (D:8)
  5 hounds
  A jelly (D:6)
  3 orc wizards
  3 iguanas
  2 mummies (Ossuary)
  3 howler monkey zombies (D:8)
  15 gnolls
  4 river rats (D:3)
  11 adders
  4 adder zombies (Ossuary)
  2 worms
  3 dart slugs
  36 orcs
  9 ball pythons
  3 endoplasms
  11 giant cockroaches
  5 hobgoblins
  7 jackals
  8 kobolds
  12 quokkas
  5 bats
  14 frilled lizards
  A gnoll zombie (Ossuary)
  5 goblins
  6 hobgoblin zombies (Ossuary)
  2 kobold zombies (Ossuary)
  2 orc zombies (Ossuary)
  6 rats
232 creatures vanquished.

Vanquished Creatures (others)
  A wizard (D:5)
  A withered plant (D:8)
2 creatures vanquished.

Grand Total: 234 creatures vanquished

Notes
Turn   | Place    | Note
-------+----------+-------------------------------------------
     0 | D:1      | wilfster70 the Gargoyle Earth Elementalist began the quest
                  | for the Orb.
     0 | D:1      | Reached XP level 1. HP: 10/10 MP: 3/3
   303 | D:1      | Reached skill level 1 in Transmutations
   303 | D:1      | Reached XP level 2. HP: 15/15 MP: 1/5
   792 | D:1      | Found Waennarph's Antique Armour Shop.
  1481 | D:1      | Reached XP level 3. HP: 19/19 MP: 2/6
  1724 | D:2      | Found a faded altar of an unknown god.
  1841 | D:2      | Identified the +6 hand axe of the New World {venom, rPois
                  | Int+4}
  2306 | D:2      | Reached XP level 4. HP: 24/24 MP: 7/7
  2733 | D:3      | Identified the +6 mace "Enwusine" {vorpal, Int+4}
  2756 | D:3      | Found a broken altar of Ashenzari.
  2871 | D:3      | Found a glowing drain.
  2883 | Sewer    | Entered a sewer
  3129 | Sewer    | Reached skill level 5 in Earth Magic
  3129 | Sewer    | Reached XP level 5. HP: 28/28 MP: 9/9
  3620 | Sewer    | Reached XP level 6. HP: 19/32 MP: 7/11
  3768 | Sewer    | Identified the +3 mace of Viocisch {distort, *Corrode Str+2
                  | Int+4 Stlth+}
  4299 | D:4      | Learned a level 5 spell: Borgnjor's Vile Clutch
  4993 | D:5      | Entered Level 5 of the Dungeon
  5025 | D:5      | Found a sand-covered staircase.
  5030 | Ossuary  | Entered an ossuary
  5086 | Ossuary  | Reached skill level 1 in Necromancy
  5086 | Ossuary  | Reached XP level 7. HP: 17/36 MP: 13/13
  5648 | D:5      | Reached skill level 5 in Spellcasting
  6114 | D:5      | Found a staircase to the Ecumenical Temple.
  6119 | D:5      | Identified the +6 scale mail of the Raven {Contam Str+8
                  | Dex+7 Slay-3}
  6123 | Temple   | Entered the Ecumenical Temple
  6155 | Temple   | Became a worshipper of Vehumet
  6398 | D:5      | Found a bloodstained altar of Trog.
  6401 | D:5      | Noticed a wizard
  6407 | D:5      | Killed a wizard
  6933 | D:6      | Reached XP level 8. HP: 20/41 MP: 16/16
  7546 | D:6      | Noticed Sigmund
  7558 | D:6      | Killed Sigmund
  7559 | D:6      | Reached skill level 5 in Necromancy
  8567 | D:7      | Reached XP level 9. HP: 35/45 MP: 15/18
  9625 | D:8      | Found a staircase to the Lair.
  9656 | D:7      | Reached * piety under Vehumet
  9656 | D:7      | Offered knowledge of Shock by Vehumet.
  9748 | D:8      | Reached XP level 10. HP: 42/50 MP: 14/21
  9807 | D:8      | Reached skill level 1 in Fighting
 10021 | D:8      | Found a flagged portal.
 10028 | Bailey   | Entered a bailey
 10148 | Bailey   | Learned a level 3 spell: Stone Arrow
 10482 | Bailey   | Noticed an orc knight
 10489 | Bailey   | Killed an orc knight
 10632 | Bailey   | Offered knowledge of Foxfire by Vehumet.
 10717 | Bailey   | Reached ** piety under Vehumet
 11147 | D:8      | Found a hazy altar of Hepliaklqana.
 11148 | D:8      | Found a faded altar of an unknown god.
 11160 | D:8      | Reached skill level 5 in Fighting
 12037 | D:8      | Noticed a six-headed hydra
 12045 | D:8      | HP: 3/60 [six-headed hydra (8)]
 12046 | D:8      | Mangled by a six-headed hydra

Illustrated notes

Levels and vault maps discovered:
D:1:      wander_arrival_peaceful_grave, layout_basic, serial_shops, shop,
          minmay_3d_cube
D:2:      layout_loops_ring, ebering_ecumenical_altar_abandoned,
          minmay_misc_feat_roman
D:3:      layout_loops_ring, nicolae_overflow_crystal_walls,
          portal_sewer_entry_e
D:4:      layout_basic
D:5:      layout_loops_ring, trog_wizard, minmay_temple_entry_mini_moons,
          nicolae_ossuary_entry_plus
D:6:      layout_loops_cross, uniq_sigmund
D:7:      layout_basic, moated_statue
D:8:      layout_basic, beargit_hepliaklqana_dungeon_heroes, lair_entry_dummy,
          serial_undead, serial_undead_d, serial_undead_c, serial_undead_c,
          serial_undead_f, enter_bailey_2
Temple:   minmay_crystal_spiral_temple

Skill      XL: |  1  2  3  4  5  6  7  8  9 10 |
---------------+-------------------------------+-----
Transmutations | 1 |  1.2
Earth Magic    | 4 5 6 7 8 |  8.0
Dodging        | 2 |  2.0
Spellcasting   | 3 4 5 6 7 8 |  8.0
Necromancy     | 1 3 5 7 8 |  8.0
Fighting       | 5 |  5.6
Stealth        | |  2.8

Action                   |  1- 3 |  4- 6 |  7- 9 | 10-12 || total
-------------------------+-------+-------+-------+-------++-------
Melee: Mace              |     4 |       |       |       ||     4
       Hand axe          |    25 |   125 |   131 |    72 ||   353
       Short sword       |     1 |       |       |       ||     1
       Punch             |       |       |     3 |     1 ||     4
 Cast: Sandblast         |    46 |    32 |    66 |       ||   144
       Borgnjor's Vile C |       |       |     3 |     2 ||     5
       Stone Arrow       |       |       |       |    49 ||    49
  Use: Scroll            |     3 |     4 |     3 |     6 ||    16
       Potion            |       |       |     1 |       ||     1
 Stab: Sleeping          |     2 |     4 |       |     2 ||     8
Armor: Robe              |    27 |    45 |    69 |    32 ||   173
Dodge: Dodged            |    50 |   116 |   160 |    82 ||   408

Table legend: (Time is in decaauts)
 A = Elapsed time spent in this place.
 B = Non-inter-level travel time spent in this place.
 C = Inter-level travel time spent in this place.
 D = Time resting spent in this place.
 E = Time spent auto-exploring this place.
 F = Levels seen in this place.
 G = Mean time per level.
                   A        B        C        D        E       F      G
               +--------+--------+--------+--------+--------+-----+--------+
         Total |  12281 |  12085 |    196 |   4429 |   4833 |  12 | 1023.4 |
       Dungeon |   9899 |   9722 |    177 |   2972 |   4698 |   8 | 1237.4 |
        Temple |     51 |     32 |     19 |      0 |     16 |   1 |   51.0 |
         Sewer |    972 |    972 |      0 |    626 |     10 |   1 |  972.0 |
       Ossuary |    504 |    504 |      0 |    329 |      0 |   1 |  504.0 |
        Bailey |    853 |    853 |      0 |    502 |    109 |   1 |  853.0 |
               +--------+--------+--------+--------+--------+-----+--------+

Top non-repeatable levels by time:
     D:1: 1713 daAuts
     D:5: 1576 daAuts
     D:8: 1537 daAuts
     D:7: 1466 daAuts
     D:6: 1167 daAuts
   Sewer: 972 daAuts
     D:4: 909 daAuts
     D:2: 875 daAuts
  Bailey: 853 daAuts
     D:3: 652 daAuts
 Ossuary: 504 daAuts
  Temple: 51 daAuts
